 Dungeon Crawl Stone Soup version 0.28-a0-863-g8cecda6153 (webtiles) character file.

Game seed: 11385929508909641677

1753 Twinkles the Magician (level 8, -13/36 HPs)
             Began as a Spriggan Conjurer on Nov 16, 2021.
             Mangled by Harold (19 damage)
             ... on level 7 of the Dungeon.
             The game lasted 00:40:46 (8436 turns).

Twinkles the Magician (Spriggan Conjurer)           Turns: 8436, Time: 00:40:47

Health: -13/36     AC:  3    Str:  5    XL:     8   Next: 78%
Magic:  16/19      EV: 10    Int: 19    God:
Gold:   221        SH:  0    Dex: 14    Spells: 11/21 levels left

rFire   . . .      SeeInvis +   b - +1 dagger (venom)
rCold   . . .      Faith    .   (shield restricted)
rNeg    . . .      Spirit   .   p - +0 robe
rPois   .          Reflect  .   (helmet restricted)
rElec   .          Harm     .   c - +0 cloak
rCorr   .          Rampage  .   (gloves unavailable)
Will    +....                   (boots unavailable)
Stlth   +++.......              (no amulet)
HPRegen 0.12/turn               (no ring)
MPRegen 0.16/turn               (no ring)

@: held, very quick
A: very small, no large weapons, unfitting armour, see invisible, speed 3
a: no special abilities


You were on level 7 of the Dungeon.
You visited 1 branch of the dungeon, and saw 7 of its levels.

You collected 221 gold pieces.

Inventory:

Hand Weapons
 a - a +3 dagger of holy wrath
 b - a +1 dagger of venom (weapon)
 r - a +0 hunting sling
 x - a +0 dagger of electrocution
Missiles
 h - 33 sling bullets
 k - 29 poisoned darts
 s - 217 stones
Armour
 c - a +0 cloak (worn)
 p - a +0 robe (worn)
Jewellery
 m - a ring of positive energy
Wands
 j - a wand of polymorph (7)
 q - a wand of flame (23)
 y - a wand of mindburst (18)
Scrolls
 e - a scroll of fog {unknown}
 f - 2 scrolls of noise
 g - a scroll of fear {unknown}
 l - a scroll of amnesia {unknown}
 n - a scroll of brand weapon {unknown}
 o - a scroll of immolation {unknown}
 t - a scroll of vulnerability {unknown}
 u - a scroll of magic mapping {unknown}
 S - a scroll of summoning
 Y - a scroll of teleportation
 Z - 3 scrolls of identify
Potions
 d - a potion of heal wounds {unknown}
 i - a potion of flight {unknown}
 v - 2 potions of magic {unknown}
 w - a potion of lignification {unknown}
 A - a potion of attraction
 B - 2 potions of brilliance
 J - 2 potions of curing
 U - a potion of mutation


   Skills:
 + Level 6.8 Dodging
 - Level 6.0 Stealth
 - Level 7.2 Spellcasting
 + Level 5.2 Conjurations
 * Level 6.3 Hexes
 + Level 0.7 Translocations


You had 11 spell levels left.
You knew the following spells:

 Your Spells              Type           Power      Damage    Failure   Level
a - Magic Dart            Conj           100%       1d8       1%          1
b - Searing Ray           Conj           52%        2d6       1%          2
c - Dazzling Flash        Conj/Hex       56%        N/A       2%          3
d - Fulminant Prism       Conj/Hex       14%        3d9       9%          4

Your spell library contained the following spells:

 Spells                   Type           Power      Damage    Failure   Level
 Iskenderun's Mystic Bla  Conj/Tloc      18%        2d6       28%         4
 Summon Mana Viper        Hex/Summ       19%        N/A       58%         5
 Summon Forest            Summ/Tloc      4%         N/A       93%         5
 Summon Cactus Giant      Summ           3%         N/A       100%        6


Dungeon Overview and Level Annotations

Branches:
Dungeon (7/15)
 Temple: D:4-7

Altars:
Makhleb
Nemelex Xobeh
Xom
Zin
The Shining One

Shops:
D:6 (

Annotations:
D:4 Ijyb
D:5 2 transporters, math4jedi's ghost, novice HOMo
D:6 Eustachio
D:7 Harold


Innate Abilities, Weirdness & Mutations

You are very small and have problems with some larger weapons.
You are too small for most types of armour.
You have supernaturally acute eyesight. (SInv)
You cover ground extremely quickly. (Speed+++)


Message History

You see here a +0 mace.
Found a dagger.
Harold the Weathered comes into view.
He is wielding a +2 scimitar of protection.
Press: ? - help, v - describe, . - travel
Here: Harold, wielding a +2 scimitar of protection, wearing a +0 chain mail and quivering 2 throwing nets (asleep)
The floor.
The helpless Harold fails to defend himself.
You puncture Harold!
Harold is poisoned.
Harold is lightly wounded.
Harold barely misses you.
You hit Harold but do no damage.
Harold looks as sick as possible!
Harold is lightly wounded.
Harold barely misses you. Harold fires a harpoon shot at you.
The harpoon shot hits you.
You are yanked forward by the harpoon shot.
Casting: Searing Ray (safe; 1% risk of failure)
Confirm with . or Enter, or press ? or * to list all spells.
Aiming: Searing Ray (safe; 1% risk of failure)
Press: ? - help, Shift-Dir - straight line, f - Harold
Aim: Harold, wielding a +2 scimitar of protection, wearing a +0 chain mail and quivering 2 throwing nets (moderately wounded, very poisoned, 90% to hit)
The searing ray hits Harold.
Harold is moderately wounded. (Press . to maintain the ray.) Harold throws a throwing net.
The throwing net hits you.
You become entangled in the net!
The searing ray hits Harold but does no damage.
Harold is moderately wounded.
The searing ray hits Harold but does no damage.
Harold is moderately wounded.
Harold hits you with a +2 scimitar of protection!
You struggle against the net.
Harold hits you with a +2 scimitar of protection.
You tear a large gash into the net.
Harold hits you with a +2 scimitar of protection!
* * * LOW HITPOINT WARNING * * *
You struggle against the net.
Harold hits you with a +2 scimitar of protection!!
Ouch! That really hurt!
You die...

.#.#.#.#...#.#.#.#
.#.#.#.#.....#.#.##
.#.#.#.#.#)#.#)#.#.#
#.#.#.#.#.#.#.#)#.##
#.#.#.#.#.#.#.#รท#.#
#.#.#.#.#.#.#.#.##
#.#.#.#.#.#.#.#.#
#.#.#.#.#.#.#.#..
#.#.#.#@#.#.#.#.#
#.#.#@#.#.#.##.#
#.#.#.#.#.#.#.# #
#.#.#.#.#.#.#.#.
#.#.#.#.#.#.#.#.
#.#.#.# #.#.#.#.#
#.#.#.# #.#.#.#..
#.#.#.# #.#.#.#.
.#.#.# #.#.#.


You could see Harold (very poisoned).

Vanquished Creatures
  Sigmund (D:3)
  Edmund (D:5)
  A black bear (D:5)
  2 sky beasts
  2 ice beasts
  An orc warrior (D:6)
  3 necrophages
  2 bullfrogs
  A howler monkey (D:6)
  An orc priest (D:7)
  2 hounds
  2 iguanas (D:6)
  An orc wizard (D:6)
  A howler monkey skeleton (D:5)
  8 gnolls
  9 adders
  2 white imps (D:6)
  2 adder skeletons (D:4)
  An adder zombie (D:5)
  4 dart slugs
  16 orcs
  7 ball pythons
  10 endoplasms
  6 goblins
  5 hobgoblins
  2 jackals (D:2)
  5 quokkas
  A bat (D:2)
  2 frilled lizards
  5 kobolds
  6 rats
112 creatures vanquished.

Vanquished Creatures (collateral kills)
  A scorpion (D:5)
1 creature vanquished.

Grand Total: 113 creatures vanquished

Notes
Turn   | Place    | Note
-------+----------+-------------------------------------------
     0 | D:1      | Twinkles the Spriggan Conjurer began the quest for the Orb.
     0 | D:1      | Reached XP level 1. HP: 9/9 MP: 5/5
   174 | D:1      | Reached XP level 2. HP: 13/13 MP: 2/6
   277 | D:1      | Learned a level 2 spell: Searing Ray
   285 | D:1      | Reached skill level 3 in Spellcasting
   882 | D:1      | You fall into a shaft and drop 1 floor!
   884 | D:2      | Reached XP level 3. HP: 16/16 MP: 8/8
  1447 | D:1      | Reached XP level 4. HP: 21/21 MP: 6/10
  1654 | D:2      | Reached skill level 4 in Spellcasting
  2105 | D:2      | Reached XP level 5. HP: 24/24 MP: 5/12
  2871 | D:3      | Noticed Sigmund
  3213 | D:3      | Killed Sigmund
  3214 | D:3      | Reached skill level 5 in Stealth
  3214 | D:3      | Reached skill level 5 in Spellcasting
  3214 | D:3      | Reached XP level 6. HP: 28/28 MP: 6/14
  3399 | D:3      | Found a glowing silver altar of Zin.
  3616 | D:3      | Found a glowing golden altar of the Shining One.
  4139 | D:4      | Noticed Ijyb
  4582 | D:4      | Reached skill level 1 in Hexes
  4582 | D:4      | Reached XP level 7. HP: 31/32 MP: 7/16
  4772 | D:5      | Entered Level 5 of the Dungeon
  5202 | D:5      | Reached skill level 5 in Dodging
  5212 | D:5      | Learned a level 3 spell: Dazzling Flash
  5401 | D:5      | Found a transporter.
  5426 | D:5      | Found a transporter.
  5429 | D:5      | Noticed math4jedi's ghost (novice HOMo)
  5506 | D:5      | Reached skill level 6 in Spellcasting
  5728 | D:5      | Found a burning altar of Makhleb.
  5728 | D:5      | Found a shimmering altar of Xom.
  5728 | D:5      | Found a sparkling altar of Nemelex Xobeh.
  6119 | D:6      | Reached XP level 8. HP: 36/36 MP: 6/18
  6508 | D:6      | Noticed Edmund
  6571 | D:5      | Killed Edmund
  6572 | D:5      | Reached skill level 5 in Hexes
  6823 | D:5      | Reached skill level 7 in Spellcasting
  6823 | D:5      | Reached skill level 5 in Conjurations
  7205 | D:6      | Found Huulad's Weapon Emporium.
  7366 | D:6      | Noticed Eustachio
  8090 | D:7      | Learned a level 4 spell: Fulminant Prism
  8423 | D:7      | Noticed Harold
  8435 | D:7      | HP: 6/36 [Harold (8)]
  8436 | D:7      | Mangled by Harold

Illustrated notes

Levels and vault maps discovered:
D:1:      heliophobic_arrival_battle_scene, layout_rooms
D:2:      layout_basic
D:3:      layout_rooms, mainiacjoe_overflow_brackets,
          mainiacjoe_overflow_cross_hatched, minmay_misc_feat_plants,
          uniq_crazy_yiuf_cottage, uniq_sigmund
D:4:      layout_basic, minmay_three_crescents, uniq_ijyb
D:5:      layout_gridville, gammafunk_temple_overflow_claw,
          gammafunk_ghost_mausoleum
D:6:      layout_basic, serial_shops, nicolae_shop_hallway_plus, uniq_eustachio,
          uniq_edmund
D:7:      layout_basic, minmay_temple_entry_arrows, minmay_misc_feat_ornament,
          uniq_harold

Skill      XL: |  1  2  3  4  5  6  7  8 |
---------------+-------------------------+-----
Conjurations   | 3 4 5 |  5.2
Dodging        | 3 4 5 6 |  6.8
Spellcasting   | 3 4 5 6 7 |  7.2
Stealth        | 4 5 6 |  6.0
Hexes          | 1 4 6 |  6.3
Translocations | |  0.7

Action                   |  1- 3 |  4- 6 |  7- 9 || total
-------------------------+-------+-------+-------++-------
Melee: Short sword       |     2 |       |       ||     2
       Dagger            |       |       |     2 ||     2
Throw: Dart              |       |     1 |       ||     1
 Cast: Magic Dart        |    58 |    76 |    56 ||   190
       Searing Ray       |     5 |    26 |    45 ||    76
  Use: Scroll            |       |     1 |     5 ||     6
 Stab: Sleeping          |     2 |       |     1 ||     3
Armor: Robe              |       |     1 |     8 ||     9
Dodge: Dodged            |     6 |    24 |    63 ||    93

Table legend: (Time is in decaauts)
 A = Elapsed time spent in this place.
 B = Non-inter-level travel time spent in this place.
 C = Inter-level travel time spent in this place.
 D = Time resting spent in this place.
 E = Time spent auto-exploring this place.
 F = Levels seen in this place.
 G = Mean time per level.
                   A        B        C        D        E       F      G
               +--------+--------+--------+--------+--------+-----+--------+
         Total |   6656 |   6189 |    467 |   1316 |   3672 |   7 |  950.9 |
       Dungeon |   6656 |   6189 |    467 |   1316 |   3672 |   7 |  950.9 |
               +--------+--------+--------+--------+--------+-----+--------+

Top non-repeatable levels by time:
     D:5: 1465 daAuts
     D:1: 1394 daAuts
     D:2: 1192 daAuts
     D:6: 1004 daAuts
     D:4: 757 daAuts
     D:3: 516 daAuts
     D:7: 326 daAuts
